 Dungeon Crawl Stone Soup version 0.27.1 (webtiles) character file.

Game seed: 8984337028314548766

9 Goblin1989 the Sneak (level 2, -6/24 HPs)
             Began as a Demonspawn Delver on Aug 24, 2021.
             Mangled by an iguana (10 damage)
             ... on level 5 of the Dungeon.
             The game lasted 00:01:45 (90 turns).

Goblin1989 the Sneak (Demonspawn Delver)              Turns: 90, Time: 00:01:45

Health: -6/24      AC:  3    Str: 12    XL:     2   Next: 3%
Magic:  2/2        EV: 11    Int: 11    God:
Gold:   0          SH:  0    Dex: 14    Spells: 1/1 levels left

rFire    . . .     SeeInvis .   a - +0 short sword
rCold    . . .     Faith    .   (no shield)
rNeg     . . .     Spirit   .   b - +0 leather armour
rPois    .         Reflect  .   (no helmet)
rElec    .         Harm     .   (no cloak)
rCorr    .         Rampage  .   (no gloves)
Will     .....                  (no boots)
Stlth    +++.......             (no amulet)
HPRegen  0.08/turn              (no ring)
MPRegen  0.08/turn              (no ring)

@: no status effects
A: claws 1
a: no special abilities


You were on level 5 of the Dungeon.
You visited 1 branch of the dungeon, and saw 1 of its levels.

Inventory:

Hand Weapons
 a - a +0 short sword (weapon)
Armour
 b - a +0 leather armour (worn)
Wands
 g - a wand of digging (3) {@v1}
Scrolls
 c - a scroll of fog
 e - a scroll of fear
 M - a scroll of magic mapping
Potions
 f - a potion of haste {@q3,}


   Skills:
 - Level 3.0 Fighting
 - Level 2.1 Short Blades
 - Level 1.7 Dodging
 + Level 4.7 Stealth
 + Level 0.0 Unarmed Combat


You had one spell level left.
You didn't know any spells.
Your spell library was empty.

Dungeon Overview and Level Annotations

Branches:
Dungeon (5/15)
 Temple: D:4-7

Altars:


Innate Abilities, Weirdness & Mutations

You have sharp fingernails.


Message History

You become an orb of ice!
Welcome, Goblin1989 the Demonspawn Delver.
Will you be the one to retrieve the fabled Orb of Zot from the depths?
Press ? for a list of commands and other information.
Found a stone staircase leading down.
You become a lost soul!
You become a curse skull!
You become a deformed human!
You become Pikel!
You become a tengu!
You become a shard shrike!
You become a hell rat!
You become a spriggan defender!
Manual exploration ON.
A necrophage comes into view.
An adder comes into view.
You barely miss the adder. The adder bites you but does no damage.
You hit the adder but do no damage. The adder bites you but does no damage.
You hit the adder.
The adder is heavily wounded.
The adder bites you. The adder closely misses you.
You take 2 damage, and have 16/18 hp.
You hit the adder.
You kill the adder!
Your Short Blades skill increases to level 2!
You have reached level 2!
Your demonic ancestry asserts itself...
Your fingernails lengthen.
You regained 5 hp, and now have 21/24 hp.
MP restored: 2 Unknown command.
Found 21 stones.
Found 23 stones.
An iguana comes into view.
The iguana hisses angrily.
Health restored: 24 You see here 21 stones {@Q3}.
Press: ? - help, v - describe, . - travel
Here: an iguana The floor.
Press: ? - help, v - describe, . - travel
Here: an iguana The floor.
There is a stone staircase leading down here.
An iguana is nearby!
You closely miss the iguana. The iguana bites you!
You take 9 damage, and have 15/24 hp.
MASSIVE DAMAGE!!
You closely miss the iguana. The iguana bites you!
* * * LOW HITPOINT WARNING * * *
You take 11 damage, and have 4/24 hp.
MASSIVE DAMAGE!!
You hit the iguana but do no damage. The iguana bites you!
You die...

█.....█ █.███.█ █.█ █.█
█.█ █.█ █.█ █.█ █.█ █.█
█████.███.███████
...............>████████
...(...........l@.......
█████.██......██████████
█.███.......█
.......██.█.█
███████.█..█.█ █....█.█
█.█..█.█ █.█..█.█
█████.█..█.██


You could see an iguana.

Vanquished Creatures
  An adder (D:5)
1 creature vanquished.

Notes
Turn   | Place    | Note
-------+----------+-------------------------------------------
     0 | D:5      | Goblin1989 the Demonspawn Delver began the quest for the
                  | Orb.
     0 | D:5      | Reached XP level 1. HP: 18/18 MP: 1/1
    18 | D:5      | Noticed a necrophage
    39 | D:5      | Gained mutation: You have sharp fingernails. [demonic
                  | ancestry]
    39 | D:5      | Reached XP level 2. HP: 21/24 MP: 2/2
    90 | D:5      | Mangled by an iguana

Illustrated notes

Levels and vault maps discovered:
D:5:      layout_basic, grunt_ministairs_15, serial_park_tiny_1, st_stairs_7,
          uniq_pikel

Skill      XL: |  1 |
---------------+----+-----
Short Blades   | 2 |  2.1
Fighting       | |  3.0
Dodging        | |  1.7
Stealth        | |  4.7

Action                   || total
-------------------------++-------
Melee: Short sword       ||     7
Armor: Leather armour    ||     2
Dodge: Dodged            ||     1
